 Dungeon Crawl Stone Soup version 0.29-a0-231-g945431f764 (webtiles) character file.

Game seed: 8874984067011284568

1204 testman the Archer (level 8, -15/75 HPs)
             Began as a Minotaur Hunter on Feb 28, 2022.
             Was a Priest of Trog.
             Demolished by an ogre
             ... wielding a +0 giant club
              (29 damage)
             ... on level 5 of the Dungeon.
             The game lasted 00:14:51 (5047 turns).

testman the Archer (Minotaur Hunter)                Turns: 5047, Time: 00:14:52

Health: -15/75     AC:  6    Str: 17    XL:     8   Next: 21%
Magic:  7/7        EV: 12    Int:  8    God:    Trog [***...]
Gold:   194        SH:  0    Dex: 13    Spells: 7/7 levels left

rFire   . . .      SeeInvis .   a - +1 shortbow
rCold   . . .      Faith    .   (shield currently unavailable)
rNeg    + + .      Spirit   .   b - +0 leather armour
rPois   .          Reflect  .   i - +1 hat of the Thistle {rN+}
rElec   .          Harm     .   (no cloak)
rCorr   .          Rampage  .   e - +0 pair of gloves
Will    .....                   t - +0 pair of boots
Stlth   ..........              (no amulet)
HPRegen 0.22/turn               v - ring of positive energy
MPRegen 0.10/turn               (no ring)

@: mighty, silenced, on berserk cooldown, slowed, very slow
A: horns 2, retaliatory headbutt
a: Renounce Religion


You were on level 5 of the Dungeon.
You worshipped Trog.
Trog was most pleased with you.
You visited 1 branch of the dungeon, and saw 6 of its levels.

You collected 194 gold pieces.

Inventory:

Hand Weapons
 a - a +1 shortbow (weapon)
Missiles
 g - 2 throwing nets
Armour
 b - a +0 leather armour (worn)
 e - a +0 pair of gloves (worn)
 i - the +1 hat of the Thistle (worn) {rN+}
   (You found it on level 2 of the Dungeon)

   rN:        It protects you from negative energy.
 t - a +0 pair of boots (worn)
Jewellery
 v - a ring of positive energy (left hand)
Wands
 u - a wand of iceblast (9)
Scrolls
 d - a scroll of brand weapon {unknown}
 f - a scroll of teleportation {unknown}
 j - a scroll of silence
 k - a scroll of immolation
 l - a scroll of holy word {unknown}
 m - a scroll of blinking {unknown}
 p - a scroll of fear {unknown}
 r - 4 scrolls of identify {unknown}
Potions
 c - a potion of might
 h - a potion of lignification
 o - a potion of flight {unknown}
 s - a potion of haste {unknown}


   Skills:
 + Level 8.7 Fighting
 + Level 8.8 Bows
 - Level 2.1 Dodging
 - Level 0.7 Stealth


You had 7 spell levels left.
You didn't know any spells.
Your spell library was empty.

Dungeon Overview and Level Annotations

Branches:
Dungeon (6/15)             Temple (0/1) D:5

Altars:
Gozag
Trog
Uskayaw

Shops:
D:3 :   D:4 (   D:6 :


Innate Abilities, Weirdness & Mutations

You have a pair of horns on your head.
You reflexively headbutt those who attack you in melee.


Message History

The adder bites you. The yak gores you!
You climb upwards.
There is a stone staircase leading down here.
The adder completely misses you. You furiously retaliate!
You headbutt the adder. The ogre misses you. The yak completely misses you.
The ogre hits you with a +0 giant club!!
* * * LOW HITPOINT WARNING * * *
The adder bites you.
* * * LOW HITPOINT WARNING * * *
The ogre barely misses you.
As you read the scroll labelled KIATOBBE IMEERCH, it crumbles to dust.
The creatures around you are filled with an inner flame!
It was a scroll of immolation.
The adder bites you but does no damage. x2
As you read the scroll labelled KIOBUK OWNODAMP, it crumbles to dust.
A profound silence engulfs you.
It was a scroll of silence.
The ogre barely misses you. You furiously retaliate!
You headbutt the ogre!
Flame seeps out of the ogre.
The adder bites you but does no damage.
The ogre is engulfed in blazing flames.
Flame seeps out of the ogre.
The adder closely misses you.
There is an open door, spattered with blood here.
You see here a yak corpse.
It was a potion of might.
You feel very mighty all of a sudden. The ogre misses you.
It was a potion of berserk rage.
A red film seems to cover your vision as you go berserk!
You feel yourself moving faster!
You feel mighty! The ogre barely misses you.
You are too berserk!
You feel a strong urge to attack something.
You feel your anger nearly subside.
You are no longer berserk.
You are exhausted.
You feel yourself slow down.
Shoot: a) +1 shortbow
Press: ? - help, Q - select action, (/) - cycle Shift-Dir - straight line, f - ogre
Aim: an ogre, wielding a +0 giant club (silenced, almost dead, inner flame, 79% to hit)
You shoot an arrow.
The arrow hits the ogre but does no damage.
The ogre is almost dead.
The ogre hits you with a +0 giant club!!
You die...

#######
############.....######
#..#...#...#.....#....#
#..Y...#...#.....#....#
#..#.O@#...#.....#...##
#..#.S.#...#.....#...##
#..#...#(..'.....#....'
#..#########.....'....#
#..##..##..#.....#...##
#>..#...#..'.....#...##
#...#...#..#.....#...##
#.<.#...#..#.....#...##
#...#...#..#.....#.....


You could see a yak (inner flame), an ogre (inner flame) and an adder (inner
flame).

Vanquished Creatures
  2 yaks (D:5)
  2 black bears
  An ogre (D:6)
  A necrophage (D:3)
  3 scorpions
  A howler monkey (D:5)
  3 hounds
  2 iguanas
  Robin (D:4)
  4 gnolls (D:3)
  8 adders
  3 ufetubi
  3 worms
  2 dart slugs
  2 orcs
  8 endoplasms
  2 giant cockroaches (D:4)
  13 goblins
  6 hobgoblins
  7 jackals
  4 quokkas
  9 ball pythons
  8 bats
  A frilled lizard (D:1)
  6 kobolds (D:1)
  5 rats
107 creatures vanquished.

Notes
Turn   | Place    | Note
-------+----------+-------------------------------------------
     0 | D:1      | testman the Minotaur Hunter began the quest for the Orb.
     0 | D:1      | Reached XP level 1. HP: 18/18 MP: 0/0
    17 | D:1      | Found a faded altar of an unknown god.
    26 | D:1      | Prayed at the altar of an unknown god.
    26 | D:1      | Became a worshipper of Trog the Wrathful
    26 | D:1      | Reached * piety under Trog
    90 | D:1      | Reached XP level 2. HP: 26/26 MP: 1/1
   551 | D:1      | Reached skill level 5 in Bows
   551 | D:1      | Reached XP level 3. HP: 31/31 MP: 2/2
   555 | D:1      | Found a hide-covered altar of Uskayaw.
   571 | D:1      | Reached ** piety under Trog
  1102 | D:2      | Identified the +1 hat of the Thistle {rN+}
  1343 | D:2      | Reached XP level 4. HP: 12/40 MP: 3/3
  1787 | D:3      | Found Vudwaoth's Book Shoppe.
  1806 | D:3      | Noticed a necrophage
  1816 | D:3      | Killed a necrophage
  1817 | D:3      | Reached XP level 5. HP: 47/47 MP: 4/4
  1946 | D:3      | Reached skill level 5 in Fighting
  1966 | D:3      | Identified the +1 ring mail of Pelyge {rPois Str+7 Int-2
                  | Dex-2}
  2544 | D:4      | Noticed a black bear
  2552 | D:4      | Found Tiod's Antique Weapon Boutique.
  2651 | D:4      | Killed a black bear
  2652 | D:4      | Reached XP level 6. HP: 20/57 MP: 5/5
  3203 | D:4      | Noticed Robin
  3222 | D:4      | Killed Robin
  3222 | D:4      | Reached *** piety under Trog
  3477 | D:5      | Entered Level 5 of the Dungeon
  3560 | D:5      | Reached XP level 7. HP: 38/64 MP: 6/6
  3706 | D:5      | Found a hide-covered altar of Uskayaw.
  3785 | D:5      | Found an opulent altar of Gozag.
  3981 | D:5      | Found a staircase to the Ecumenical Temple.
  4293 | D:6      | Noticed a yak
  4293 | D:6      | Noticed a yak
  4293 | D:6      | Noticed a yak
  4293 | D:6      | Noticed a yak
  4318 | D:5      | Killed a yak
  4684 | D:6      | Found Oxuni's Book Shop.
  4715 | D:5      | Reached XP level 8. HP: 48/74 MP: 7/7
  5047 | D:5      | Demolished by an ogre

Illustrated notes

Levels and vault maps discovered:
D:1:      wander_arrival_fairy_ring, layout_basic,
          hellmonk_ecumenical_altar_zigzags, serial_forest,
          infiniplex_forest_lined_3, infiniplex_forest_end_3,
          infiniplex_forest_lined_3, infiniplex_forest_zigzag_1,
          infiniplex_forest_clump_small, infiniplex_forest_lined_2,
          infiniplex_forest_clump_small, infiniplex_forest_straight_1,
          minmay_hexomino_r4
D:2:      layout_basic
D:3:      layout_rooms, serial_shops, shop_fountains,
          amcnicky_mini_corridor_feature
D:4:      layout_loops_ring, serial_shops, shop_fountains, uniq_robin
D:5:      layout_gridville, nicolae_uskayaw_dance_hall,
          mainiacjoe_overflow_alcove_2, minmay_temple_entry_slanted
D:6:      layout_cave_pools, overflow_temple_1_default, serial_shops,
          nicolae_square_shop, shop, nicolae_take_the_stairs,
          nicolae_diamond_shop, nicolae_shop_behind_doors

Skill      XL: |  1  2  3  4  5  6  7 |
---------------+----------------------+-----
Fighting       | 3 4 6 8 |  8.7
Bows           | 5 6 7 8 |  8.8
Dodging        | |  2.1
Stealth        | |  0.7

Action                   |  1- 3 |  4- 6 |  7- 9 || total
-------------------------+-------+-------+-------++-------
 Fire: Shortbow          |   118 |   168 |   100 ||   386
Invok: Trog's Hand       |       |     1 |     2 ||     3
  Use: Potion            |       |       |     4 ||     4
       Scroll            |       |       |     2 ||     2
Armor: Leather armour    |    20 |    35 |    27 ||    82
       Skin              |       |       |     1 ||     1
Dodge: Dodged            |    30 |    79 |    66 ||   175

Table legend: (Time is in decaauts)
 A = Elapsed time spent in this place.
 B = Non-inter-level travel time spent in this place.
 C = Inter-level travel time spent in this place.
 D = Time resting spent in this place.
 E = Time spent auto-exploring this place.
 F = Levels seen in this place.
 G = Mean time per level.
                   A        B        C        D        E       F      G
               +--------+--------+--------+--------+--------+-----+--------+
         Total |   5131 |   4992 |    139 |   1213 |   2986 |   6 |  855.2 |
       Dungeon |   5131 |   4992 |    139 |   1213 |   2986 |   6 |  855.2 |
               +--------+--------+--------+--------+--------+-----+--------+

Top non-repeatable levels by time:
     D:5: 1526 daAuts
     D:2: 1084 daAuts
     D:4: 992 daAuts
     D:1: 737 daAuts
     D:3: 725 daAuts
     D:6: 63 daAuts
